 Dungeon Crawl Stone Soup version 0.18.1-48-g4cf74bf (webtiles) character file.

4435 Joat the Pioneer (level 10, -6/87 HPs)
             Began as a Deep Dwarf Fighter on Aug 10, 2016.
             Was an Elder of Pakellas.
             Mangled by an orc warrior
             ... wielding a +0 glaive
              (16 damage)
             ... on level 9 of the Dungeon.
             The game lasted 01:04:29 (9214 turns).

Joat the Pioneer (Deep Dwarf Fighter)               Turns: 9214, Time: 01:04:30

Health: -6/87      AC: 12    Str: 19    XL:     10   Next: 14%
Magic:  17/17      EV:  7    Int: 14    God:    Pakellas [****..]
Gold:   544        SH: 11    Dex: 15    Spells: 0 memorised, 9 levels left

rFire  . . .     SeeInvis .     Q - +2 short sword (vamp)
rCold  . . .     Gourm    .     n - +0 chain mail
rNeg   . . .     Faith    .     c - +1 shield
rPois  .         Spirit   .     (no helmet)
rElec  .         Dismiss  .     C - +1 cloak {+Inv}
rCorr  .         Reflect  .     (no gloves)
SustAt .         Harm     .     (no boots)
MR     +....                    (no amulet)
Stlth  ..........               U - ring of stealth
                                T - +4 ring of intelligence

@: non-regenerating, somewhat resistant to hostile enchantments, extremely
unstealthy
A: damage resistance, recharge devices, sense surroundings 2, slow regeneration
3
a: Device Recharging, Quick Charge, Device Surge, Renounce Religion, Evoke
Invisibility


You were on level 9 of the Dungeon.
You worshipped Pakellas.
Pakellas was greatly pleased with you.
You were very hungry.

You visited 2 branches of the dungeon, and saw 10 of its levels.
You also visited: Ossuary.

You collected 544 gold pieces.

Inventory:

Hand Weapons
 a - a +0 flail
 j - a +0 whip
 B - a +3 quarterstaff of chaos
 G - a +0 flail
 M - a +2 whip of flaming
 Q - a +2 vampiric short sword (weapon)
Missiles
 k - 2 throwing nets (quivered)
 I - 8 tomahawks
 S - 4 tomahawks of returning
Armour
 c - a +1 shield (worn)
 n - a +0 chain mail (worn)
 C - a +1 cloak of invisibility (worn)
 W - the +2 robe of the Original Sin {-Tele *Contam rElec rN++}
   (You found it on level 8 of the Dungeon)

   It insulates you from electricity.
   It greatly protects you from negative energy.
   It prevents most forms of teleportation.
   It causes magical contamination when unequipped.
Jewellery
 l - an uncursed amulet of guardian spirit
 T - a +4 ring of intelligence (left hand)
 U - a ring of stealth (right hand)
Wands
 e - a wand of heal wounds (0/9)
 x - a wand of disintegration (0/24)
 y - a wand of random effects (12/48)
 J - a wand of iceblast (3/15)
 L - a wand of acid (12/15)
 N - a wand of enslavement (9/24)
 V - a wand of iceblast (4/15)
 X - a wand of enslavement (8/24)
Scrolls
 b - a scroll of magic mapping {unknown}
 g - a scroll of fog {unknown}
 q - 3 scrolls of random uselessness {unknown}
 s - 4 scrolls of amnesia
 t - 3 scrolls of teleportation
 v - 5 scrolls of remove curse
 D - 10 scrolls of identify
 F - 2 scrolls of immolation {unknown}
 H - 2 scrolls of blinking {unknown}
 K - a scroll of noise {unknown}
 Y - 3 scrolls of enchant armour
Potions
 d - 2 potions of might
 h - 4 potions of lignification {unknown}
 i - a potion of berserk rage {unknown}
 m - 3 potions of curing {unknown}
 o - 4 potions of flight
 p - a potion of brilliance {unknown}
 u - 3 potions of mutation {unknown}
 w - 2 potions of magic {unknown}
 A - 3 potions of agility {unknown}
 E - 5 potions of heal wounds {unknown}
 R - 2 potions of haste {unknown}
Books
 O - a book of the Dragon

   Spells                             Type                      Level
   a - Flame Tongue                   Conjuration/Fire             1
   b - Cause Fear                     Hexes                        4
   c - Bolt of Fire                   Conjuration/Fire             6
   d - Dragon Form                    Transmutation                7
   e - Dragon's Call                  Summoning                    9
 P - a book of Unlife

   Spells                             Type                      Level
   a - Recall                         Summoning/Translocation      3
   b - Animate Dead                   Necromancy                   4
   c - Control Undead                 Necromancy                   4
   d - Cigotuvi's Embrace             Necromancy                   5
   e - Death Channel                  Necromancy                   6
   f - Simulacrum                     Ice/Necromancy               6
Miscellaneous
 Z - a fan of gales
Comestibles
 f - 8 bread rations
 r - 4 meat rations
 z - 20 fruits


   Skills:
 - Level 4.6 Fighting
 + Level 5.3 Short Blades
 - Level 6.0 Maces & Flails
 - Level 6.8 Armour
 - Level 3.7 Dodging
 - Level 6.4 Shields
 - Level 10.2 Evocations


You had 9 spell levels left.
You didn't know any spells.

Dungeon Overview and Level Annotations

Branches:
Dungeon (9/15)             Temple (1/1) D:4
   Lair: D:8-11         Orc: D:9-12

Altars:
Ashenzari
Cheibriados
Dithmenos
Elyvilon
Fedhas
Gozag
Kikubaaqudgha
Makhleb
Nemelex Xobeh
Okawaru
Pakellas
Qazlal
Ru
Sif Muna
Trog
Vehumet
Xom
Yredelemnul
Zin
The Shining One

Shops:
D:9 :


Innate Abilities, Weirdness & Mutations

You are resistant to damage.
You can recharge devices by infusing magical energy.
You passively map the area around you.
You do not regenerate naturally.


Message History

You now have 544 gold pieces (gained 38).
Items here: ( )) [[ a hand axe; 4 tomahawks of dispersal; a ring mail; a morningstar; a ring mail
Items here: ))) [[ † You butcher the orc corpse.
Your pack is full.
Items here: % ))) [[ Eat one of 4 chunks of flesh? (ye/n/q/i?) This raw flesh tastes terrible.
You are feeling very hungry.
You continue eating. x2
Things that are here:
a killer bee corpse x2
You swap places.
The orc warrior is no longer charmed.
The orc warrior hits you with a glaive!!
* * * LOW HITPOINT WARNING * * *
The orc warrior hits you from afar with a glaive!!
You die...
Pakellas says: Time to find a new assistant...

, , *##)#
.##..#.#.#....
,, , #.##
.##..#.#<#..##
, , , * #..#
,,
#..#.###..#.
##.#
#..#......#.
*,, , , #†#
#.)..####.#. ,
#.######)##.#
#.#. + ** *
#o...)).)...#
#.#. , , *
#..#####)####
#.#. ,, #.@#
#.# #.## ,
##.#* #.# #.#
, * #.. #.# *
.# * *#..# #..
* , * ####*
#..,, * , ,,
.#. * * , , ,
, , ,, * * , ,
* * , , ,* ,
,, , ,


You could see an orc warrior.

Vanquished Creatures
  Pikel (D:6)
  The ghost of Joat the Reanimator, a novice DDNe of Pakellas (D:4)
  Grinder (D:4)
  A sky beast (D:5)
  An ice beast (D:5)
  3 orc warriors
  A phantom (Temple)
  A crocodile (D:8)
  4 centaurs
  2 ogres
  A big kobold (D:4)
  2 giant frogs
  4 water moccasin zombies (Ossuary)
  A wyvern zombie (D:6)
  6 scorpions
  4 killer bees (D:9)
  A howler monkey (D:8)
  3 crimson imps
  A wasp zombie (D:5)
  A giant frog zombie (D:9)
  2 hounds
  2 giant frog skeletons
  A jelly (D:7)
  Crazy Yiuf (D:3)
  4 orc priests
  6 orc wizards
  7 worker ants
  A killer bee zombie (D:8)
  2 big kobold zombies (Ossuary)
  3 mummies
  2 hound skeletons
  A worker ant zombie (D:5)
  9 adders
  4 gnolls (D:8)
  A howler monkey skeleton (D:4)
  A shadow imp (D:6)
  3 oozes
  12 adder zombies
  4 worms
  7 dart slugs
  3 giant geckos
  21 orcs
  5 ball pythons
  8 giant cockroaches
  11 hobgoblins
  3 jackals
  14 kobolds
  4 quokkas
  A ball python skeleton (D:4)
  4 bats
  A giant gecko skeleton (D:7)
  5 giant newts
  A gnoll zombie (Ossuary)
  9 goblins
  5 hobgoblin zombies (Ossuary)
  A jackal zombie (D:6)
  4 kobold zombies
  5 orc zombies
  A quokka zombie (D:7)
  10 rats
229 creatures vanquished.

Vanquished Creatures (collateral kills)
  5 orcs (D:9)
5 creatures vanquished.

Vanquished Creatures (others)
  Prince Ribbit (D:6)
  2 slaves (D:6)
  2 ball pythons (D:6)
  A giant newt (D:2)
6 creatures vanquished.

Grand Total: 240 creatures vanquished

Notes
Turn   | Place    | Note
--------------------------------------------------------------
     0 | D:1      | Joat the Deep Dwarf Fighter began the quest for the Orb.
     0 | D:1      | Reached XP level 1. HP: 20/20 MP: 1/1
    86 | D:1      | Reached XP level 2. HP: 22/27 MP: 2/2
   313 | D:1      | Reached XP level 3. HP: 17/33 MP: 3/3
   698 | D:1      | Reached skill level 1 in Dodging
  1155 | D:2      | Reached XP level 4. HP: 34/40 MP: 0/4
  1168 | D:2      | You fall through a shaft!
  1359 | D:4      | Reached XP level 5. HP: 37/48 MP: 0/5
  1423 | D:4      | Reached skill level 1 in Evocations
  1453 | D:4      | Reached skill level 5 in Armour
  1453 | D:4      | Reached XP level 6. HP: 24/56 MP: 0/6
  1615 | D:4      | Found a staircase to the Ecumenical Temple.
  1645 | Temple   | Entered the Ecumenical Temple
  1696 | Temple   | Became a worshipper of Pakellas the Inventive
  1771 | Temple   | Reached skill level 5 in Shields
  2285 | D:2      | Found a white marble altar of Elyvilon.
  2746 | D:2      | Reached * piety under Pakellas
  2746 | D:2      | Received a gift from Pakellas
  2998 | D:3      | Noticed Crazy Yiuf
  3002 | D:3      | Paralysed by Crazy Yiuf for 2 turns
  3006 | D:3      | Killed Crazy Yiuf
  3555 | D:4      | Reached XP level 7. HP: 33/62 MP: 1/7
  3580 | D:4      | Noticed Joat's ghost (novice DDNe)
  3612 | D:4      | Killed Joat's ghost
  3612 | D:4      | Reached skill level 3 in Evocations
  4022 | D:4      | Noticed Grinder
  4036 | D:4      | Killed Grinder
  4036 | D:4      | Reached skill level 4 in Evocations
  4036 | D:4      | Reached XP level 8. HP: 34/72 MP: 4/11
  4355 | D:5      | Entered Level 5 of the Dungeon
  4401 | D:5      | Found a sand-covered staircase.
  4414 | Ossuary  | Entered an ossuary
  4533 | Ossuary  | Reached skill level 5 in Evocations
  4861 | Ossuary  | Reached ** piety under Pakellas
  4861 | Ossuary  | Received a gift from Pakellas
  5182 | D:5      | Reached skill level 5 in Maces & Flails
  5752 | D:5      | Reached skill level 6 in Evocations
  5752 | D:5      | Gained mutation: You passively map the area around you. [Deep Dwarf growth]
  5752 | D:5      | Reached XP level 9. HP: 41/79 MP: 1/13
  5756 | D:6      | Noticed Prince Ribbit
  5931 | D:6      | Reached skill level 7 in Evocations
  6052 | D:6      | Found a bloodstained altar of Trog.
  6207 | D:6      | Noticed Pikel
  6230 | D:6      | Killed Pikel
  6230 | D:6      | Reached skill level 9 in Evocations
  6269 | D:6      | Killed Prince Ribbit
  6327 | D:6      | Reached skill level 10 in Evocations
  6817 | D:7      | Reached skill level 1 in Short Blades
  7863 | D:8      | Found an iron altar of Okawaru.
  7864 | D:8      | Found a deep blue altar of Sif Muna.
  8030 | D:8      | Found a blossoming altar of Fedhas.
  8214 | D:8      | Reached *** piety under Pakellas
  8214 | D:8      | Received a gift from Pakellas
  8236 | D:8      | Reached XP level 10. HP: 87/87 MP: 17/17
  8378 | D:8      | Got a steaming robe
  8389 | D:8      | Identified the +2 robe of the Original Sin {-Tele *Contam rElec rN++} (You found it on level 8 of the Dungeon)
  8954 | D:9      | Found Fidulu's Book Shop.
  9083 | D:9      | Reached skill level 5 in Short Blades
  9195 | D:9      | Reached **** piety under Pakellas
  9195 | D:9      | Received a gift from Pakellas
  9214 | D:9      | Mangled by an orc warrior

Skill      XL: |  1  2  3  4  5  6  7  8  9 10 |
---------------+-------------------------------+-----
Armour         | 4 5 6 |  6.8
Dodging        | 1 2 3 |  3.7
Shields        | 4 5 6 |  6.4
Fighting       | 3 4 |  4.6
Evocations     | 1 4 6 10 | 10.2
Maces & Flails | 3 4 5 6 |  6.0
Short Blades   | 4 5 |  5.3

Action                   |  1- 3 |  4- 6 |  7- 9 | 10-12 || total
-------------------------+-------+-------+-------+-------++-------
Melee: Flail             |    40 |       |   173 |       ||   213
       Whip              |   143 |   435 |   727 |       ||  1305
       Short sword       |       |       |   227 |   227 ||   454
Invok: Quick Charge      |       |     6 |    12 |       ||    18
Evoke: Wand              |     1 |     5 |    38 |     3 ||    47
       Phantom mirror    |       |       |     1 |       ||     1
  Use: Scroll            |       |     4 |     3 |       ||     7
 Stab: Invisible         |       |       |     2 |       ||     2
       Distracted        |       |       |     1 |       ||     1
  Eat: Chunk             |     1 |    10 |     8 |     3 ||    22
       Meat ration       |       |       |     2 |       ||     2
       Pizza             |       |       |     1 |       ||     1
       Royal jelly       |       |       |     1 |       ||     1
       Beef jerky        |       |       |     1 |       ||     1
Armor: Scale mail        |    68 |       |       |       ||    68
       Chain mail        |    22 |   144 |   418 |    76 ||   660
Dodge: Dodged            |    43 |    72 |   240 |    49 ||   404
Block: Shield            |    86 |   192 |   573 |   149 ||  1000
